 Seeded DCSS version 0.29-a0-542-g075992c915 (webtiles) character file.

Game seed: 20220604 (custom seed)

49 a11behringer the Covered (level 3, -2/33 HPs)
             Began as a Minotaur Fighter on June 4, 2022.
             Slain by a black bear (6 damage)
             ... on level 2 of the Dungeon.
             The game lasted 00:01:52 (912 turns).

a11behringer the Covered (Minotaur Fighter)          Turns: 912, Time: 00:01:53

Health: -2/33      AC:  7    Str: 22    XL:     3   Next: 51%
Magic:  2/2        EV:  9    Int:  5    God:
Gold:   29         SH:  4    Dex:  9    Spells: 2/2 levels left

rFire   . . .      SeeInvis .   a - +0 war axe
rCold   . . .      Faith    .   c - +0 buckler
rNeg    . . .      Spirit   .   b - +0 scale mail
rPois   .          Reflect  .   (helmet restricted)
rElec   .          Harm     .   (no cloak)
rCorr   .          Rampage  .   (no gloves)
Will    .....                   (no boots)
Stlth   ..........              (no amulet)
HPRegen 0.11/turn               (no ring)
MPRegen 0.08/turn               (no ring)

@: no status effects
A: horns 2, retaliatory headbutt
a: no special abilities


You were on level 2 of the Dungeon.
You visited 1 branch of the dungeon, and saw 2 of its levels.

You collected 29 gold pieces.

Inventory:

Hand Weapons
 a - a +0 war axe (weapon)
Missiles
 f - 4 boomerangs (quivered)
 j - 3 boomerangs of dispersal
 k - 6 javelins
Armour
 b - a +0 scale mail (worn)
 c - a +0 buckler (worn)
Scrolls
 e - a scroll of enchant armour {unknown}
 h - a scroll of identify {unknown}
 l - a scroll of silence {unknown}
Potions
 d - a potion of might
 g - a potion of flight {unknown}
 i - a potion of attraction {unknown}
 m - a potion of heal wounds {unknown}


   Skills:
 + Level 4.0 Fighting
 * Level 3.5 Axes
 + Level 4.1 Armour
 + Level 0.7 Dodging
 + Level 3.9 Shields


You had 2 spell levels left.
You didn't know any spells.
Your spell library contained the following spells:

 Spells                   Type           Power      Damage    Failure   Level
 Shock                    Conj/Air       0%         1d3       87%         1
 Swiftness                Air            0%         N/A       99%         3
 Airstrike                Air            0%         N/A       100%        4


Dungeon Overview and Level Annotations

Branches:
Dungeon (2/15)

Altars:


Innate Abilities, Weirdness & Mutations

You have a pair of horns on your head.
You reflexively headbutt those who attack you in melee.


Message History

You hit the worm.
You kill the worm!
Your Fighting skill increases to level 4!
No target in view!
Found a club.
You see here a +0 club.
Found a dagger.
A black bear comes into view.
You block the black bear's attack. The black bear barely misses you.
The black bear claws you but does no damage.
You slash the black bear! Your headbutt misses the black bear.
The black bear is moderately wounded.
The black bear bites you but does no damage.
The black bear claws you.
The black bear claws you but does no damage.
You hit the black bear. You headbutt the black bear!
The black bear is severely wounded.
The black bear goes berserk!
You hit the black bear.
The black bear is almost dead.
The black bear barely misses you.
The black bear claws you but does no damage. x2
You block the black bear's attack. The black bear barely misses you.
The black bear claws you but does no damage.
The black bear barely misses you. You block the black bear's attack.
The black bear barely misses you.
You closely miss the black bear.
The black bear is almost dead.
The black bear bites you! The black bear barely misses you.
You block the black bear's attack. The black bear bites you.
The black bear claws you. You block the black bear's attack.
You barely miss the black bear.
The black bear is almost dead.
The black bear bites you!
* * * LOW HITPOINT WARNING * * *
The black bear claws you but does no damage.
The black bear claws you.
* * * LOW HITPOINT WARNING * * *
You block the black bear's attack. The black bear claws you.
You die...

#.......#.#
#
###...###..
# #...# ###
. ##.## #
#.# #.# #.#
##.########
#..@h......
#..########
#..# #..#
#..# #).#
#... #.#


You could see a black bear (berserk).

Vanquished Creatures
  An adder (D:2)
  A worm (D:2)
  A dart slug (D:1)
  4 ball pythons
  3 endoplasms
  A giant cockroach (D:1)
  2 goblins (D:1)
  3 hobgoblins
  7 jackals (D:1)
  A quokka (D:1)
  A bat (D:1)
  2 frilled lizards
  A kobold (D:1)
  3 rats (D:1)
31 creatures vanquished.

Notes
Turn   | Place    | Note
-------+----------+-------------------------------------------
     0 | D:1      | a11behringer the Minotaur Fighter began the quest for the
                  | Orb.
     0 | D:1      | Reached XP level 1. HP: 19/19 MP: 0/0
   106 | D:1      | Reached XP level 2. HP: 12/27 MP: 1/1
   434 | D:1      | Found a faded altar of an unknown god.
   572 | D:1      | Reached XP level 3. HP: 28/33 MP: 2/2
   906 | D:2      | Noticed a black bear
   912 | D:2      | Slain by a black bear

Illustrated notes

Levels and vault maps discovered:
D:1:      minmay_arrival_radiant_lines, layout_rooms,
          hellmonk_ecumenical_altar_run_dry
D:2:      layout_loops_ring

Skill      XL: |  1  2  3 |
---------------+----------+-----
Armour         | 4 |  4.1
Axes           | 3 |  3.5
Fighting       | 4 |  4.0
Dodging        | |  0.7
Shields        | |  3.9

Action                   || total
-------------------------++-------
Melee: War axe           ||    62
       Headbutt          ||     5
Armor: Scale mail        ||    29
Dodge: Dodged            ||    55
Block: Buckler           ||    16

Table legend: (Time is in decaauts)
 A = Elapsed time spent in this place.
 B = Non-inter-level travel time spent in this place.
 C = Inter-level travel time spent in this place.
 D = Time resting spent in this place.
 E = Time spent auto-exploring this place.
 F = Levels seen in this place.
 G = Mean time per level.
                   A        B        C        D        E       F      G
               +--------+--------+--------+--------+--------+-----+--------+
         Total |    935 |    899 |     36 |      0 |    741 |   2 |  467.5 |
       Dungeon |    935 |    899 |     36 |      0 |    741 |   2 |  467.5 |
               +--------+--------+--------+--------+--------+-----+--------+

Top non-repeatable levels by time:
     D:1: 784 daAuts
     D:2: 150 daAuts
